 Dungeon Crawl Stone Soup version 0.31-a0-441-g867994ef1c (webtiles) character file.

Game seed: 17559582850629455628

33 Xavori the Trooper (level 3, 30/30 HPs)
             Began as a Djinni Chaos Knight on Aug 3, 2023.
             Was a Plaything of Xom.
             Quit the game on level 1 of the Dungeon.
             The game lasted 00:01:02 (7212 turns).

Xavori the Trooper (Djinni Chaos Knight)            Turns: 7212, Time: 00:01:02

Health: 30/30      AC:  6    Str: 13    XL:     3   Next: 47%
Gold:   99         EV: 12    Int: 13    God:    Xom [......] SH:  0 Dex: 12

rFire   + + .        a - +0 falchion (chaos)
rCold   x . .        (no shield)
rNeg    . . .        b - +2 leather armour
rPois   ∞            (helmet restricted)
rElec   .            g - +0 cloak
rCorr   .            (no gloves)
SInv    .            (boots unavailable)
Will    .....        (no amulet)
Stlth   +            (no ring)
HPRegen 0.25/turn    (no ring)
MPRegen 0.00/turn

%: no passive effects
@: flying
A: sickness immunity, fire resistance 2, cold vulnerability 1, float, innate
caster, HP casting, extra vitality 1, beak, inability to read after injury 1
a: Renounce Religion


You were on level 1 of the Dungeon.
You worshipped Xom.
You were a very special plaything of Xom.
You visited 1 branch of the dungeon, and saw 2 of its levels.

You collected 99 gold pieces.

Inventory:

Hand Weapons
 a - a +0 falchion of chaos (weapon)
Armour
 b - a +2 leather armour (worn)
 g - a +0 cloak (worn)
Scrolls
 c - a scroll of butterflies
 d - a scroll of fear {unknown}
 e - a scroll of summoning {unknown}
 i - a scroll of identify {unknown}
 j - a scroll of vulnerability {unknown}
 k - a scroll of blinking {unknown}
 l - a scroll of enchant weapon {unknown}
 m - a scroll of teleportation {unknown}
Potions
 f - a potion of mutation {unknown}
 h - a potion of heal wounds {unknown}


   Skills:
 + Level 3.3 Fighting
 + Level 3.1 Long Blades
 + Level 1.2 Armour
 + Level 2.4 Dodging
 * Level 0.4 Spellcasting
 * Level 0.4 Conjurations
 * Level 0.4 Hexes
 * Level 0.4 Summonings
 * Level 0.4 Necromancy
 * Level 0.4 Translocations
 * Level 0.4 Transmutations
 * Level 0.4 Fire Magic
 * Level 0.4 Ice Magic
 * Level 0.4 Air Magic
 * Level 0.4 Earth Magic
 * Level 0.4 Poison Magic


You knew the following spells:

 Your Spells              Type           Power      Damage    Failure   Level
a - Shock                 Conj/Air       4%         1d3       32%         1
Your spell library was empty.

Dungeon Overview and Level Annotations

Branches:
Dungeon (2/15)

Altars:

Shops:
D:1 :


Innate Abilities, Weirdness & Mutations

You are immune to sickness and miasma.
You are immune to poison.
Your flesh is very heat resistant. (rF++)
You are vulnerable to cold. (rC-)
You float through the air rather than walking.
You learn spells naturally, not from books.
Your magical power is your life essence.
You have superior vitality. (+4 MHP)
You have a beak for a mouth.
You occasionally lose the ability to read scrolls when taking damage.


Message History

You start waiting.
You start waiting.
You start waiting.
You start waiting.
You start waiting.
You start waiting.
You start waiting.
You start waiting.
You start waiting. "Go forth and redecorate, my child!"
You start waiting.
Done waiting.
You start waiting.
Your trail of clouds dissipates.
You start waiting.
Done waiting.
You start waiting.
Done waiting.
You start waiting.
Done waiting.
You start waiting.
Xom's attention almost turns to you for a moment.
A monocle briefly appears over your left eye.
You are now a very special plaything of Xom.
You start waiting.
Done waiting.
You start waiting.
You start waiting.
Done waiting.
You start waiting.
Done waiting.
You start waiting.
You hear Xom's avuncular chuckle.
Your body is suffused with distortional energy.
You occasionally lose the ability to read scrolls when taking damage.
You start waiting.
Done waiting.
You start waiting.
Done waiting.
Are you sure you want to abandon this character and quit the game? (Confirm with "yes".)

######
.....#############
.###.............#
..##############.#
#.# #########.#
..# #.......#.#
#.# #.#####.#.#
..# #.#####.#@##
..# #.##.......#
..# #.##.#####.#
..######.##.# #.#
.........##.# #.#
###########.# #.#
#.#####.# ###
#.......# ..#
########.(...##


There were no monsters in sight!

Vanquished Creatures
  An adder (D:2)
  A ball python (D:1)
  2 endoplasms
  A giant cockroach (D:1)
  5 goblins (D:1)
  2 hobgoblins (D:1)
  3 kobolds (D:1)
  A quokka (D:1)
  A bat (D:1)
  A frilled lizard (D:1)
  6 rats
24 creatures vanquished.

Notes
Turn   | Place    | Note
-------+----------+-------------------------------------------
     0 | D:1      | Xavori the Djinni Chaos Knight began the quest for the Orb.
     0 | D:1      | Reached XP level 1. HP: 20/20 MP: 0/0
    56 | D:1      | Reached XP level 2. HP: 17/25 MP: 0/0
   120 | D:1      | XOM: silly message
   299 | D:1      | XOM: divination: magic mapping
   373 | D:1      | Found Juesodd's Book Shoppe.
   555 | D:1      | Reached XP level 3. HP: 27/30 MP: 0/0
   555 | D:1      | Learned a level 1 spell: Shock
   731 | D:2      | XOM: divination: detect items
  1071 | D:1      | XOM: silly message
  1084 | D:1      | XOM: silly message
  1270 | D:1      | XOM: silly message
  1456 | D:1      | XOM: summons 1 hostile shadow creature
  1554 | D:1      | XOM: divination: magic mapping
  1870 | D:1      | XOM: cloud trail
  2357 | D:1      | XOM: silly message
  2964 | D:1      | XOM: god gift: chain mail {god gift}
  3426 | D:1      | XOM: noise
  4167 | D:1      | XOM: god gift: great sword {god gift}
  4225 | D:1      | XOM: silly message
  5106 | D:1      | XOM: noise
  5461 | D:1      | XOM: give mutation
  5461 | D:1      | Gained mutation: You have a beak for a mouth. [Xom's grace]
  6225 | D:1      | XOM: cloud trail
  6654 | D:1      | XOM: silly message
  7011 | D:1      | XOM: give mutation
  7011 | D:1      | Gained mutation: You occasionally lose the ability to read
                  | scrolls when taking damage. [Xom's mischief]
  7212 | D:1      | Quit the game

Illustrated notes

Levels and vault maps discovered:
D:1:      lemuel_arrival_cross, layout_loops_ring, serial_shops,
          nicolae_shop_tiny_glass
D:2:      layout_basic, uniq_jessica

Skill      XL: |  1  2 |
---------------+-------+-----
Long Blades    | 3 |  3.1
Fighting       | |  3.3
Armour         | |  1.2
Dodging        | |  2.4
Spellcasting   | |  0.4
Conjurations   | |  0.4
Hexes          | |  0.4
Summonings     | |  0.4
Necromancy     | |  0.4
Translocations | |  0.4
Transmutations | |  0.4
Fire Magic     | |  0.4
Ice Magic      | |  0.4
Air Magic      | |  0.4
Earth Magic    | |  0.4
Poison Magic   | |  0.4

Action                     || total
---------------------------++-------
  Melee: Falchion          ||    67
         Punch             ||     2
 Armour: Leather armour    ||    28
  Dodge: Dodged            ||    37

Table legend: (Time is in decaauts)
 A = Elapsed time spent in this place.
 B = Non-inter-level travel time spent in this place.
 C = Inter-level travel time spent in this place.
 D = Time resting spent in this place.
 E = Time spent auto-exploring this place.
 F = Levels seen in this place.
 G = Mean time per level.
                   A        B        C        D        E       F      G
               +--------+--------+--------+--------+--------+-----+--------+
         Total |   7222 |   7134 |     88 |   6348 |    623 |   2 | 3611.0 |
       Dungeon |   7222 |   7134 |     88 |   6348 |    623 |   2 | 3611.0 |
               +--------+--------+--------+--------+--------+-----+--------+

Top non-repeatable levels by time:
     D:1: 7083 daAuts
     D:2: 138 daAuts
